 Dungeon Crawl Stone Soup version 0.27-a0-1442-g87b6fcb595 (webtiles) character file.

Game seed: 16452068577608184515

8641 quinnr the Zephyrmancer (level 11, -1/61 HPs)
             Began as a Tengu Air Elementalist on July 4, 2021.
             Was a Believer of Vehumet.
             Slain by an eight-headed hydra (6 damage)
             ... on level 1 of the Lair of Beasts.
             The game lasted 00:37:27 (15989 turns).

quinnr the Zephyrmancer (Tengu Air Elementalist)   Turns: 15989, Time: 00:37:28

Health: -1/61      AC: 14    Str:  9    XL:     11   Next: 34%
Magic:  3/25       EV: 16    Int: 25    God:    Vehumet [**....]
Gold:   201        SH:  0    Dex: 14    Spells: 17/28 levels left

rFire    . . .     SeeInvis .   C - +3 dagger (speed)
rCold    . . .     Faith    .   (no shield)
rNeg     . . .     Spirit   .   G - +4 steam dragon scales
rPois    +         Reflect  .   (helmet restricted)
rElec    .         Harm     .   v - +2 cloak {Will+}
rCorr    .         Rampage  .   q - +0 pair of gloves
Will     +....                  (boots unavailable)
Stlth    ++........             E - amulet of magic regeneration
HPRegen  0.20/turn              y - ring of poison resistance
MPRegen  0.44/turn              l - +6 ring of intelligence

@: flying quickly and evasively, quick
A: beak, talons 3, nimble flight
a: Renounce Religion


You were on level 1 of the Lair of Beasts.
You worshipped Vehumet.
Vehumet was pleased with you.
You visited 3 branches of the dungeon, and saw 11 of its levels.

You collected 481 gold pieces.
You spent 280 gold pieces at shops.

Inventory:

Hand Weapons
 j - a +2 whip of flaming
 t - a +2 dagger of venom
 C - a +3 dagger of speed (weapon)
 K - a +1 dagger of holy wrath
Missiles
 D - 17 poisoned darts
 H - a throwing net
Armour
 a - a +0 robe
 q - a +0 pair of gloves (worn)
 v - a +2 cloak of willpower (worn)
 G - +4 steam dragon scales (worn)
Jewellery
 f - an amulet of the acrobat
 l - a +6 ring of intelligence (right hand)
 r - a ring of fire
 y - a ring of poison resistance (left hand)
 E - an amulet of magic regeneration (around neck)
Wands
 d - a wand of flame (5)
 o - a wand of polymorph (10)
 z - a wand of mindburst (9)
 A - a wand of digging (4)
 I - a wand of paralysis (11)
Scrolls
 c - a scroll of magic mapping
 g - 2 scrolls of enchant weapon
 h - a scroll of teleportation
 n - 2 scrolls of fog
 s - 2 scrolls of noise
 w - a scroll of vulnerability
Potions
 b - 7 potions of curing
 e - 4 potions of flight
 i - 2 potions of resistance
 k - a potion of magic
 p - 4 potions of heal wounds
 u - a potion of ambrosia
 x - 2 potions of brilliance
 J - a potion of berserk rage


   Skills:
 - Level 4.0 Fighting
 - Level 5.0 Armour
 - Level 4.0 Dodging
 - Level 2.0 Stealth
 - Level 9.0 Spellcasting
 - Level 6.0 Conjurations
 + Level 2.8 Transmutations
 + Level 3.9 Fire Magic
 - Level 12.9 Air Magic
 - Level 4.0 Poison Magic


You had 17 spell levels left.
You knew the following spells:

 Your Spells              Type           Power      Damage    Failure   Level
a - Shock                 Conj/Air       100%       1d9       1%          1
b - Mephitic Cloud        Conj/Pois/Air  49%        N/A       1%          3
c - Airstrike             Air            33%        N/A       1%          4
d - Ignite Poison         Fire/Tmut/Pois 29%        N/A       3%          3

Your spell library contained the following spells:

 Spells                   Type           Power      Damage    Failure   Level
 Poisonous Vapours        Pois/Air       100%       N/A       1%          2
 Foxfire                  Conj/Fire      100%       2x1d9     1%          1
 Magic Dart               Conj           100%       1d8       1%          1
 Searing Ray              Conj           82%        3d6       1%          2
 Static Discharge         Conj/Air       56%        N/A       1%          2
 Swiftness                Air            66%        N/A       1%          3
 Conjure Flame            Conj/Fire      36%        6-21      2%          3
 Corona                   Hex            12%        N/A       5%          1
 Sticky Flame             Conj/Fire      36%        2d6       7%          4
 Inner Flame              Hex/Fire       21%        N/A       8%          3
 Call Imp                 Summ           11%        N/A       9%          2
 Ensorcelled Hibernation  Hex/Ice        22%        N/A       9%          2
 Tukima's Dance           Hex            11%        N/A       16%         3
 Fulminant Prism          Conj/Hex       13%        3d9       16%         4
 Bolt of Magma            Conj/Fire/Erth 13%        4d8       36%         5


Dungeon Overview and Level Annotations

Branches:
Dungeon (9/15)             Temple (1/1) D:6            Lair (1/6) D:8
    Orc: D:9-12

Altars:
Ashenzari
Cheibriados
Dithmenos
Elyvilon
Fedhas
Gozag
Hepliaklqana
Kikubaaqudgha
Makhleb
Okawaru
Qazlal
Ru
Sif Muna
Uskayaw
Vehumet
Wu Jian
Xom
Yredelemnul
Zin
The Shining One

Shops:
D:6 *


Innate Abilities, Weirdness & Mutations

You have a beak for a mouth.
You have claws for feet.
Your magical nature lets you fly swiftly and evasively.


Message History

Aim: an eight-headed hydra (heavily wounded)
Okay, then.
Found a robe.
Casting: Airstrike (safe; 1% risk of failure)
Confirm with . or Enter, or press ? or * to list all spells.
Aiming: Airstrike (safe; 1% risk of failure)
Press: ? - help, Dir - move target, f/p - eight-headed hydra
Aim: an eight-headed hydra (heavily wounded)
The air twists around and strikes the eight-headed hydra!
The eight-headed hydra is severely wounded.
The eight-headed hydra misses you.
The eight-headed hydra barely misses you.
The eight-headed hydra bites you.
The eight-headed hydra bites you but does no damage. x3
The eight-headed hydra bites you. The eight-headed hydra bites you!
Casting: Airstrike (safe; 1% risk of failure)
Confirm with . or Enter, or press ? or * to list all spells.
You don't have enough magic to cast this spell.
Unknown command.
Aiming: Throw Flame
Press: ? - help, Shift-Dir - straight line, f/p - eight-headed hydra
Aim: an eight-headed hydra (severely wounded, 89% to hit)
The puff of flame hits the eight-headed hydra!
The eight-headed hydra is almost dead.
The eight-headed hydra bites you! The eight-headed hydra bites you. x2
The eight-headed hydra barely misses you.
The eight-headed hydra closely misses you. x4
Aiming: Throw Flame
Press: ? - help, Shift-Dir - straight line, f/p - eight-headed hydra
Aim: an eight-headed hydra (almost dead, 89% to hit)
The puff of flame hits the eight-headed hydra.
The eight-headed hydra is almost dead.
The eight-headed hydra bites you!
* * * LOW HITPOINT WARNING * * *
The eight-headed hydra barely misses you.
The eight-headed hydra completely misses you.
The eight-headed hydra bites you!
* * * LOW HITPOINT WARNING * * *
The eight-headed hydra bites you.
You die...

** ,* ,**** ,,,,*
,,,** *** ###
,,,****,*#######.###
,,,,,,,,,...[...@..#
,***,**,*########D.#
** ****** ##.## ,*
#..# ,******* #.##
,**,**,**********#.#
,,,,,,,,**,*,**,*#.###
*,,,,,,,,,,,,,,*##...#
**,*,,*,***,**,*#...##


You could see an eight-headed hydra.

Vanquished Creatures
  Erica (Lair:1)
  A hydra (D:8)
  A two-headed ogre (D:8)
  2 cane toads (Lair:1)
  A rime drake (Lair:1)
  A hornet (D:8)
  8 yaks
  3 steam dragons
  2 water moccasins
  A hornet zombie (D:6)
  2 black bears
  2 sky beasts (D:5)
  3 orc warriors
  2 ice beasts
  2 ogres
  2 necrophages
  3 centaurs
  2 phantoms
  A wyvern zombie (D:6)
  Blork the orc (D:6)
  2 bullfrogs
  A gnoll sergeant (D:5)
  3 scorpions
  A water moccasin zombie (D:5)
  4 killer bees (D:8)
  3 wights (D:8)
  3 howler monkeys
  A centaur zombie (D:7)
  A bullfrog skeleton (D:6)
  7 orc priests
  2 jellies
  Crazy Yiuf (D:2)
  A gnoll shaman (D:8)
  3 hounds
  3 iguanas
  11 orc wizards
  Natasha (thrice) (D:2)
  A killer bee zombie (D:7)
  A hound zombie (D:5)
  A hound skeleton (D:4)
  Robin (D:2)
  9 adders
  10 gnolls
  2 howler monkey skeletons (D:6)
  2 shadow imps (D:5)
  2 adder skeletons
  2 worms
  A dart slug (D:1)
  27 orcs
  13 ball pythons
  7 bats
  7 endoplasms
  5 giant cockroaches
  10 goblins
  13 hobgoblins
  10 jackals
  3 quokkas
  5 frilled lizards
  9 kobolds
  6 rats
238 creatures vanquished.

Vanquished Creatures (others)
  3 fungi (Lair:1)
  13 plants
16 creatures vanquished.

Grand Total: 254 creatures vanquished

Notes
Turn   | Place    | Note
-------+----------+-------------------------------------------
     0 | D:1      | quinnr the Tengu Air Elementalist began the quest for the
                  | Orb.
     0 | D:1      | Reached XP level 1. HP: 10/10 MP: 4/4
   114 | D:1      | Reached XP level 2. HP: 15/15 MP: 0/6
   228 | D:1      | Reached skill level 5 in Air Magic
   794 | D:1      | Found a faded altar of an unknown god.
   811 | D:1      | Reached XP level 3. HP: 19/19 MP: 4/7
  1766 | D:2      | Reached skill level 6 in Air Magic
  1974 | D:2      | Noticed Natasha
  1988 | D:2      | Killed Natasha
  1989 | D:2      | Reached XP level 4. HP: 12/24 MP: 4/8
  2357 | D:2      | Learned a level 3 spell: Mephitic Cloud
  2366 | D:2      | Noticed a scorpion
  2424 | D:2      | Noticed Natasha
  2446 | D:2      | Killed Natasha
  2447 | D:2      | Reached skill level 7 in Air Magic
  2707 | D:3      | Gained mutation: Your magical nature lets you fly swiftly
                  | and evasively. [Tengu growth]
  2707 | D:3      | Reached XP level 5. HP: 28/28 MP: 4/9
  2790 | D:3      | Learned a level 4 spell: Airstrike
  2893 | D:3      | Found a blossoming altar of Fedhas.
  3595 | D:4      | Noticed a water moccasin
  3783 | D:4      | Killed a water moccasin
  3784 | D:4      | Reached skill level 8 in Air Magic
  3784 | D:4      | Reached XP level 6. HP: 18/32 MP: 0/11
  4363 | D:4      | Noticed a necrophage
  4372 | D:4      | Killed a necrophage
  4419 | D:4      | Learned a level 3 spell: Ignite Poison
  4496 | D:4      | Reached skill level 9 in Air Magic
  4703 | D:4      | Reached XP level 7. HP: 37/37 MP: 0/12
  4703 | D:4      | quinnr: mephetic cloud??
  4703 | D:4      | beem: Fills the target square and some of the adjacent
                  | squares with clouds of noxious fumes. Any creature
                  | breathing these fumes may become {confused} unless
                  | resistant to poison and/or confusion.
                  | Conjurations/Poison/Air 3. Loud.
  4758 | D:4      | Reached skill level 1 in Fire Magic
  4833 | D:4      | Reached skill level 1 in Fighting
  5006 | D:4      | Reached skill level 1 in Transmutations
  5464 | D:5      | Entered Level 5 of the Dungeon
  5567 | D:5      | Found a shimmering blue altar of Sif Muna.
  5891 | D:5      | Reached skill level 10 in Air Magic
  6016 | D:5      | Reached XP level 8. HP: 44/44 MP: 4/13
  6349 | D:5      | Reached skill level 11 in Air Magic
  7097 | D:5      | Found a snail-covered altar of Cheibriados.
  7989 | D:6      | Noticed Blork the orc
  7995 | D:6      | Reached XP level 9. HP: 51/51 MP: 0/16
  8158 | D:6      | Reached skill level 5 in Conjurations
  8485 | D:6      | Killed Blork the orc
  8758 | D:6      | Reached skill level 5 in Spellcasting
  8997 | D:6      | Found a staircase to the Ecumenical Temple.
  9016 | Temple   | Entered the Ecumenical Temple
  9182 | Temple   | Became a worshipper of Vehumet
  9488 | D:2      | Noticed Robin
  9492 | D:2      | Killed Robin
  9646 | D:2      | Noticed Natasha
  9652 | D:2      | Killed Natasha
  9769 | D:2      | Found a runed translucent door.
  9770 | D:2      | Noticed Crazy Yiuf
 10170 | D:2      | Killed Crazy Yiuf
 10821 | D:6      | Found Urates's Serpentskin Sales.
 10824 | D:6      | Reached * piety under Vehumet
 10824 | D:6      | Offered knowledge of Sandblast by Vehumet.
 10914 | D:6      | Bought a ring of poison resistance for 280 gold pieces
 11320 | D:7      | Reached skill level 1 in Poison Magic
 12374 | D:7      | Found an opulent altar of Gozag.
 12819 | D:8      | Reached XP level 10. HP: 56/56 MP: 9/22
 12950 | D:8      | Reached skill level 1 in Armour
 13379 | D:8      | Noticed a two-headed ogre
 13383 | D:8      | Killed a two-headed ogre
 13829 | D:8      | Offered knowledge of Poisonous Vapours by Vehumet.
 13835 | D:8      | Reached ** piety under Vehumet
 14026 | D:8      | Found a staircase to the Lair.
 14408 | Lair:1   | Entered Level 1 of the Lair of Beasts
 14408 | Lair:1   | Noticed an eight-headed hydra
 14424 | D:8      | Killed an eight-headed hydra
 14425 | D:8      | Reached skill level 5 in Armour
 15231 | Lair:1   | Reached skill level 12 in Air Magic
 15273 | Lair:1   | Noticed a cane toad
 15277 | Lair:1   | Killed a cane toad
 15278 | Lair:1   | Reached XP level 11. HP: 61/61 MP: 13/25
 15803 | Lair:1   | Noticed Erica
 15807 | Lair:1   | Killed Erica
 15956 | Lair:1   | Noticed an eight-headed hydra
 15989 | Lair:1   | HP: 5/61 [eight-headed hydra (10)]
 15989 | Lair:1   | Slain by an eight-headed hydra

Illustrated notes

Levels and vault maps discovered:
D:1:      heliophobic_arrival_dark_side_of_the_moon, layout_loops_ring,
          serial_bayou, serial_bayou_pond_d, serial_bayou_pond_a,
          serial_bayou_ford_a, serial_bayou_crossing,
          shapermc_ecumenical_altar_starsandcircs, chequers_serial_rivers_marsh,
          minmay_pentomino_r2
D:2:      layout_loops_ring, uniq_natasha, uniq_crazy_yiuf_cottage, uniq_robin
D:3:      layout_loops_cross, fedhas_ov_isle_minmay
D:4:      layout_loops_ring
D:5:      layout_loops_ring, marbit_many_paths, kennysheep_mini, hex_medium,
          kennysheep_generic_room_9
D:6:      hangedman_cross_stitches, layout_loops_ring,
          minmay_temple_entry_mini_moons, guppyfry_shop_venom,
          uniq_blork_the_orc
D:7:      layout_loops_corners, general_overflow_altar, wad_floor_pattern_2
D:8:      layout_basic, dpeg_oklobed_lair, serial_corexii_hall,
          corexii_hall_statues_x, chequers_hall_statues_corner_a
D:9:      layout_basic, gammafunk_temple_overflow_statue
Temple:   regret_index_temple_sphere_string
Lair:1:   layout_loops_ring, grunt_megastairs_1, uniq_erica

Skill      XL: |  1  2  3  4  5  6  7  8  9 10 11 |
---------------+----------------------------------+-----
Air Magic      | 5 6 7 8 9 10 11 12 | 12.9
Spellcasting   | 3 4 7 9 |  9.0
Conjurations   | 3 4 6 |  6.0
Fire Magic     | 2 3 |  3.9
Fighting       | 2 3 4 |  4.0
Transmutations | 1 2 |  2.8
Dodging        | 3 4 |  4.0
Poison Magic   | 3 4 |  4.0
Armour         | 5 |  5.0
Stealth        | |  2.0

Action                   |  1- 3 |  4- 6 |  7- 9 | 10-12 || total
-------------------------+-------+-------+-------+-------++-------
Melee: Unarmed           |     1 |     3 |       |       ||     4
       Whip              |       |     4 |    45 |       ||    49
       Peck              |       |     1 |     7 |       ||     8
       Kick              |       |     1 |     8 |     4 ||    13
       Dagger            |       |       |     1 |    13 ||    14
 Cast: Shock             |    87 |    99 |    74 |    10 ||   270
       Mephitic Cloud    |       |     4 |     9 |    13 ||    26
       Airstrike         |       |     8 |   130 |    83 ||   221
       Ignite Poison     |       |       |       |     5 ||     5
Evoke: Wand              |       |       |       |     8 ||     8
  Use: Scroll            |     2 |     2 |       |    23 ||    27
 Stab: Confused          |       |       |     1 |       ||     1
Armor: Robe              |     4 |     1 |    15 |       ||    20
       Steam dragon scal |       |       |       |    16 ||    16
Dodge: Dodged            |    17 |    15 |    49 |    55 ||   136

Table legend: (Time is in decaauts)
 A = Elapsed time spent in this place.
 B = Non-inter-level travel time spent in this place.
 C = Inter-level travel time spent in this place.
 D = Time resting spent in this place.
 E = Time spent auto-exploring this place.
 F = Levels seen in this place.
 G = Mean time per level.
                   A        B        C        D        E       F      G
               +--------+--------+--------+--------+--------+-----+--------+
         Total |  15424 |  14467 |    957 |   2408 |  10489 |  11 | 1402.2 |
       Dungeon |  14763 |  13849 |    914 |   2408 |   9996 |   9 | 1640.3 |
        Temple |    164 |    139 |     25 |      0 |    137 |   1 |  164.0 |
          Lair |    496 |    479 |     17 |      0 |    355 |   1 |  496.0 |
               +--------+--------+--------+--------+--------+-----+--------+

Top non-repeatable levels by time:
     D:5: 2744 daAuts
     D:4: 1941 daAuts
     D:1: 1819 daAuts
     D:2: 1818 daAuts
     D:8: 1783 daAuts
     D:6: 1709 daAuts
     D:7: 1402 daAuts
     D:3: 1031 daAuts
     D:9: 512 daAuts
  Lair:1: 496 daAuts
  Temple: 164 daAuts
